 Dungeon Crawl Stone Soup version 0.27-a0-1513-g2aaa0cc67b (webtiles) character file.

Game seed: 9798334851157272260

30 Nausicaa the Ruffian (level 3, 0/36 HPs)
             Began as a Troll Monk on July 9, 2021.
             Slain by a quokka (2 damage)
             ... on level 3 of the Dungeon.
             The game lasted 00:06:27 (443 turns).

Nausicaa the Ruffian (Troll Monk)                    Turns: 443, Time: 00:06:27

Health: 0/36       AC:  4    Str: 19    XL:     3   Next: 5%
Magic:  2/2        EV: 10    Int:  7    God:
Gold:   60         SH:  0    Dex: 12    Spells: 2/2 levels left

rFire    . . .     SeeInvis .     - Unarmed
rCold    . . .     Faith    .   (no shield)
rNeg     . . .     Spirit   .   a - +0 robe
rPois    .         Reflect  .   (helmet restricted)
rElec    .         Harm     .   (no cloak)
rCorr    .         Rampage  .   (gloves unavailable)
Will     +....                  (boots unavailable)
Stlth    ++........             (no amulet)
HPRegen  1.12/turn              c - ring of willpower
MPRegen  0.08/turn              (no ring)

@: no status effects
A: large, unfitting armour, claws 3, regeneration 1, shaggy fur 1, tough skin 1
a: no special abilities


You were on level 3 of the Dungeon.
You visited 1 branch of the dungeon, and saw 3 of its levels.

You collected 60 gold pieces.

Inventory:

Armour
 a - a +0 robe (worn)
Magical Staves
 b - a staff of poison
Jewellery
 c - a ring of willpower (left claw)
Potions
 d - 2 potions of curing {unknown}
 e - a potion of lignification {unknown}
 f - a potion of haste {unknown}


   Skills:
 + Level 2.7 Fighting
 + Level 2.7 Dodging
 - Level 1.0 Stealth
 * Level 3.6 Unarmed Combat


You had 2 spell levels left.
You didn't know any spells.
Your spell library was empty.

Dungeon Overview and Level Annotations

Branches:
Dungeon (3/15)

Altars:

Annotations:
D:2 Sigmund
D:3 Grinder


Innate Abilities, Weirdness & Mutations

You are too large for most types of armour.
You have claws for hands.
Your natural rate of healing is unusually fast.
You are covered in fur. (AC +1)
You have tough skin. (AC +1)


Message History

Grinder hits you.
You writhe in agony.
You claw Grinder!
Grinder is heavily wounded.
You closely miss Grinder.
Grinder is heavily wounded.
Grinder hits you.
You writhe in agony.
You scratch Grinder.
Grinder is severely wounded.
The quokka barely misses you. Grinder hits you but does no damage.
The quokka barely misses you.
You closely miss Grinder.
Grinder is severely wounded.
Grinder gestures at you. Pain shoots through your body! The quokka bites you.
You closely miss Grinder.
Grinder is severely wounded.
Grinder closely misses you. The quokka barely misses you.
You scratch Grinder.
Grinder is severely wounded.
Grinder says, "Make like a tree!"
Grinder hits you.
You writhe in agony.
The quokka closely misses you.
You closely miss Grinder.
Grinder is severely wounded.
The quokka bites you but does no damage.
Grinder says, "My boss said I was rubbish.
His entrails said otherwise."
Grinder gestures at you. Pain shoots through your body!
* * * LOW HITPOINT WARNING * * *
You scratch Grinder.
Grinder is almost dead.
The quokka bites you.
* * * LOW HITPOINT WARNING * * *
Grinder hits you.
* * * LOW HITPOINT WARNING * * *
You writhe in agony.
* * * LOW HITPOINT WARNING * * *
You closely miss Grinder.
Grinder is almost dead.
The quokka bites you.
You die...

### # #.... #.#.#
#.#.# #.#.# ..
#5r.# ≈ #@.# ≈♣
#..# ≈≈♣ #..#
#≈≈♣♣♣ ### #..#
#.≈≈≈≈≈
....##..####....≈≈≈
#.......†.†.≈≈≈≈≈
####..######≈≈♣♣♣ ≈
#..# ####≈≈♣ .≈
#..# #...≈≈♣♣♣≈.≈


You could see Grinder and a quokka.

Vanquished Creatures
  A dart slug (D:2)
  A ball python (D:1)
  2 bats (D:3)
  2 endoplasms (D:1)
  2 giant cockroaches
  5 goblins
  3 hobgoblins
  A quokka (D:2)
  2 frilled lizards (D:1)
  3 kobolds
  2 rats
24 creatures vanquished.

Notes
Turn   | Place    | Note
-------+----------+-------------------------------------------
     0 | D:1      | Nausicaa the Troll Monk began the quest for the Orb.
     0 | D:1      | Reached XP level 1. HP: 22/22 MP: 0/0
   124 | D:1      | Reached XP level 2. HP: 29/29 MP: 1/1
   241 | D:2      | Noticed Sigmund
   391 | D:3      | Reached XP level 3. HP: 36/36 MP: 2/2
   427 | D:3      | Noticed Grinder
   442 | D:3      | HP: 1/36 [Grinder (4)]
   443 | D:3      | Slain by a quokka

Illustrated notes

Levels and vault maps discovered:
D:1:      dpeg_arrival_radiant, layout_basic, chequers_serial_rivers_room_a
D:2:      layout_basic, minmay_misc_feat_roman, uniq_sigmund
D:3:      layout_loops_ring, portal_sewer_entry_c,
          ebering_ecumenical_altar_webs, serial_shops,
          nicolae_shop_overgrown_old_shop, kennysheep_boxes, uniq_grinder

Action                   || total
-------------------------++-------
Melee: Unarmed           ||    67
       Punch             ||     1
Armor: Robe              ||    17
Dodge: Dodged            ||    26

Table legend: (Time is in decaauts)
 A = Elapsed time spent in this place.
 B = Non-inter-level travel time spent in this place.
 C = Inter-level travel time spent in this place.
 D = Time resting spent in this place.
 E = Time spent auto-exploring this place.
 F = Levels seen in this place.
 G = Mean time per level.
                   A        B        C        D        E       F      G
               +--------+--------+--------+--------+--------+-----+--------+
         Total |    438 |    438 |      0 |      0 |      0 |   3 |  146.0 |
       Dungeon |    438 |    438 |      0 |      0 |      0 |   3 |  146.0 |
               +--------+--------+--------+--------+--------+-----+--------+

Top non-repeatable levels by time:
     D:1: 235 daAuts
     D:2: 131 daAuts
     D:3: 71 daAuts
